Description

This is a standard macro build with a Reactor Hellion opening. The twist is to fake that you are going for a bio transition, but in fact you're going for a mech composition.

VOD

https://youtu.be/sI7WpIDFILI?t=1863

Replay - Serral v Special: Game 2 - Kairos Junction LE

Build Order

Get SALT Encoding   

  12  0:00  SCV  
  13  0:12  SCV  
  14  0:17  Supply Depot  
  14  0:25  SCV  
  15  0:39  Barracks, SCV  
  16  0:43  Refinery  
  16  0:51  SCV  
  17  1:03  SCV  
  18  1:15  SCV  
  19  1:27  Orbital Command, Reaper  
  20  1:40  Command Center  
  20  1:51  Supply Depot  
  20  1:53  SCV  
  21  1:59  Marine  
  22  2:06  Factory  
  22  2:08  SCV  
  23  2:16  Refinery  
  23  2:20  SCV  
  23  2:21  Barracks Reactor  
  26  2:52  Starport  
  26  2:53  Orbital Command  
  27  3:04  Hellion x2  
  31  3:06  Marine  
  33  3:12  Liberator  
  33  3:25  Barracks Tech Lab  
  33  3:26  Hellion x2  
  42  3:37  Supply Depot  
  44  3:48  Hellion  
  46  3:59  Hellion  
  46  4:00  Supply Depot  
  52  4:22  Command Center  
  54  4:25  Marine x2  
  54  4:26  Siege Tank  
  54  4:28  Supply Depot  
  61  4:43  Marine  
  62  4:49  Refinery x2, Marine  
  65  4:54  Liberator  
  65  4:58  Siege Tank  
  68  5:01  Marine  
  70  5:11  Marine  
  75  5:17  Armory x2  
  75  5:21  Marine  
  79  5:36  Orbital Command  
  81  5:47  Hellion x2  
  86  5:50  Barracks Tech Lab  
  86  5:51  Factory x2  
  90  6:06  Starport Reactor, Orbital Command  
  90  6:10  Hellion x2  
  93  6:12  Terran Vehicle Weapons Level 1  
  93  6:13  Terran Vehicle And Ship Armor Level 1  
  101  6:35  Orbital Command  
  100  6:40  Mag-Field Accelerator, Cyclone  
  102  7:07  Cyclone  
  102  7:08  Factory x2  
  106  7:12  Cyclone  
  113  7:26  Refinery x2  
  113  7:28  Infernal Pre-Igniter  
  116  7:41  Liberator x2  
  116  7:43  Cyclone x2  
  131  7:57  Factory Tech Lab  
  131  7:58  Factory Reactor  
  140  8:15  Command Center  
  144  8:22  Siege Tank x2  
  123  8:31  Siege Tank  
  130  8:41  Terran Vehicle Weapons Level 2  
  130  8:55  Terran Vehicle And Ship Armor Level 2, Siege Tank  
  133  8:58  Cyclone  
  144  9:07  Liberator  
  142  9:22  Siege Tank x2  
  157  9:32  Liberator  
  156  9:48  Siege Tank  
  164  9:54  Siege Tank  
Spawning Tool Build Advisor. Get it on Overwolf

Analysis

Terran can play bio or mech in all match ups. A good way to make the most out of it is to use ambiguous builds that can transition to either bio or mech.

The redesign of Cyclone led to the development of a new battle mech style in TvZ. Unlike conventional mech, this new battle mech remains mobile on the map with Hellions and Cyclones. Further, it is also different from the old battle mech, because the new battle mech uses a hit-and-kite style rather than a frontal attack style. You can read more about the new battle mech in this article.

Knowing that mech is a popular option, Zerg players adapt by actively scouting for the transition Terran chose. This build utilises Zerg's scouting to sell that Terran is going for bio, but it later transitions to a mech composition. One of the steps is to start Stim when Zerg has vision of your production, then you cancel the Stim. You can read more about other details as to how this build aims to deceive Protoss in TerranCraft's May 2019 Metagame Build Orders article.

Go to:

Details

Become a Patron
  • Created by: Maxilicious  
  • Published on: May 26, 2019
  • Patch: 4.7.1
Show
View Real Time Build Order
Export as new Build Order

Comments (0)

There are no comments. Be the first!

Create an account to comment!